 Dungeon Crawl Stone Soup version 0.18-a0-1670-gb40d73e (webtiles) character file.

84 dwasdwasdwas the Ducker (level 4, -5/34 HPs)
             Began as a Demonspawn Gladiator on Mar 31, 2016.
             Was an Initiate of Pakellas.
             Slain by a hobgoblin
             ... wielding a +0 club
             ... led by Robin
              (8 damage)
             ... on level 2 of the Dungeon on Apr 1, 2016.
             The game lasted 05:24:43 (1323 turns).

dwasdwasdwas the Ducker (Demonspawn Gladiator)      Turns: 1323, Time: 05:24:43

Health: -5/34      AC:  4    Str: 16    XL:     4   Next: 23%
Magic:  4/4        EV: 13    Int:  9    God:    Pakellas [......]
Gold:   52         SH:  5    Dex: 14    Spells: 0 memorised, 3 levels left

rFire  . . .     SeeInvis .     c - +3 quarterstaff (chaos)
rCold  . . .     Gourm    .     q - +0 leather armour
rNeg   . . .     Faith    .     (shield currently unavailable)
rPois  .         Spirit   .     (helmet restricted)
rElec  .         Dismiss  .     (no cloak)
rCorr  .         Reflect  +     (no gloves)
SustAt .         Harm     .     (no boots)
MR     .....                    j - +5 amulet of reflection
Stlth  +.........               (no ring)
                                (no ring)

@: about to teleport, not resistant to hostile enchantments, very unstealthy
A: antennae 1, icy blue scales 1
a: Renounce Religion


You were on level 2 of the Dungeon.
You worshipped Pakellas.
Pakellas was noncommittal.
You were not hungry.

You visited 1 branch of the dungeon, and saw 2 of its levels.

You collected 52 gold pieces.

Inventory:

Hand Weapons
 a - a +0 flail
 c - a +3 quarterstaff of chaos (weapon)
 f - a +0 mace
 o - a +0 hunting sling
Missiles
 h - 43 stones (quivered)
Armour
 q - a +0 leather armour (worn)
 r - a +0 buckler
Jewellery
 i - a +2 ring of dexterity {unknown}
 j - a +5 amulet of reflection (around neck)
Scrolls
 m - 3 scrolls of remove curse
 p - a scroll of noise {unknown}
Potions
 b - a potion of mutation {unknown}
 e - a potion of heal wounds {unknown}
 g - a potion of degeneration {unknown}
 k - a potion of flight {unknown}
 l - a potion of cure mutation {unknown}


   Skills:
 + Level 2.6 Fighting
 - Level 3.1 Maces & Flails
 + Level 2.1 Throwing
 + Level 0.6 Armour
 + Level 3.6 Dodging


You had 3 spell levels left.
You didn't know any spells.

Dungeon Overview and Level Annotations

Branches:
Dungeon (2/15)

Altars:
Pakellas

Annotations:
D:2 Robin


Innate Abilities, Weirdness & Mutations

You have a pair of small antennae on your head.
You are partially covered in icy blue scales (AC +1).


Message History

Robin throws the goblin at you! The hobgoblin completely misses you.
The goblin hits you.
You closely miss the hobgoblin. The goblin misses you. The goblin hits you.
* * * LOW HITPOINT WARNING * * *
The hobgoblin barely misses you. You block the hobgoblin's attack.
The goblin closely misses you. The goblin barely misses you.
The goblin closely misses you.
You sock the hobgoblin!
You kill the hobgoblin!
Pakellas accepts your kill. The hobgoblin misses you. The goblin hits you.
* * * LOW HITPOINT WARNING * * *
The goblin barely misses you.
The hobgoblin hits you but does no damage.
You block the goblin's attack.
As you read the scroll labeled JOTEGG ZEUS, it crumbles to dust.
You feel strangely unstable.
It was a scroll of teleportation.
The hobgoblin hits you with a club!
You die...
Pakellas says: Time to start the next experiment...

#..._...# #...# #.......# #
#...##♣♣♣♣♣
##.....#####.#.......♣.♣♣♣#####
####...##
....#.#......♣..♣#...# ...#####
............♣♣♣♣.[...# ####
...........♣♣ ♣♣#...#
.....#..##♣♣ ##### .....#gg#
.... #@g# ... #gg# # ... #gg..
# ....... # ......... #
....###### ### ....# #.. .....#
#.. #..


You could see Robin, 2 hobgoblins and 4 goblins.

Vanquished Creatures
  Crazy Yiuf (D:2)
  2 adders (D:2)
  A worm (D:2)
  A dart slug (D:1)
  A giant gecko (D:2)
  3 bats (D:1)
  A giant cockroach (D:1)
  7 goblins
  7 hobgoblins
  3 kobolds
  3 rats
30 creatures vanquished.

Vanquished Creatures (others)
  A goblin (D:2)
1 creature vanquished.

Grand Total: 31 creatures vanquished

Notes
Turn   | Place    | Note
--------------------------------------------------------------
     0 | D:1      | dwasdwasdwas the Demonspawn Gladiator began the quest for the Orb.
     0 | D:1      | Reached XP level 1. HP: 16/16 MP: 1/1
    94 | D:1      | Upgraded the game from 0.18-a0-1666-g3ea6f2b to 0.18-a0-1670-gb40d73e
   193 | D:1      | Gained mutation: You have a pair of small antennae on your head. [demonic ancestry]
   193 | D:1      | Reached XP level 2. HP: 19/22 MP: 2/2
   553 | D:1      | You fall through a shaft!
   568 | D:2      | Found an oddly glowing altar of Pakellas.
   575 | D:2      | Became a worshipper of Pakellas the Inventive
   698 | D:2      | Reached XP level 3. HP: 26/28 MP: 3/3
  1273 | D:2      | Noticed Crazy Yiuf
  1282 | D:2      | Killed Crazy Yiuf
  1282 | D:2      | Gained mutation: You are partially covered in icy blue scales (AC +1). [demonic ancestry]
  1282 | D:2      | Reached XP level 4. HP: 34/34 MP: 4/4
  1309 | D:2      | Noticed Robin
  1323 | D:2      | Slain by a hobgoblin

Vault maps used:
D:1:      moated_graveyard_arrival, due_unseen_surprise
D:2:      lemuel_round_altar, uniq_robin, uniq_crazy_yiuf_cottage

Skill      XL: |  1  2  3 |
---------------+----------+-----
Dodging        | 3 |  3.6
Maces & Flails | 3 |  3.1
Throwing       | 2 |  2.1
Fighting       | |  2.6
Armour         | |  0.6

Action                   |  1- 3 |  4- 6 || total
-------------------------+-------+-------++-------
Melee: Flail             |    78 |       ||    78
       Quarterstaff      |       |    11 ||    11
Throw: Throwing net      |    14 |     1 ||    15
  Use: Scroll            |     2 |     1 ||     3
 Stab: Held in net/web   |     2 |       ||     2
  Eat: Bread ration      |     1 |       ||     1
